 Dungeon Crawl Stone Soup version 0.30.0-29-ga12c61a403 (webtiles) character file.

Game seed: 16173325836848222287

3805 yolmi the Cleaver (level 9, -2/79 HPs)
             Began as a Minotaur Berserker on June 13, 2023.
             Was an Elder of Trog.
             Slain by an orange demon (6 damage)
             ... led by Amaemon
             ... on level 8 of the Dungeon on June 16, 2023.
             The game lasted 01:17:41 (5048 turns).

yolmi the Cleaver (Minotaur Berserker)              Turns: 5048, Time: 01:17:42

Health: -2/79      AC: 13    Str: 31    XL:     9   Next: 96%
Magic:  8/8        EV: 15    Int:  4    God:    Trog [****..]
Gold:   336        SH:  5    Dex: 14    Spells: 8/8 levels left

rFire   . . .        d - +0 war axe (flame)
rCold   . . .        r - +0 buckler
rNeg    . . .        v - +0 plate armour
rPois   .            (helmet restricted)
rElec   .            (no cloak)
rCorr   .            (no gloves)
SInv    .            (no boots)
Will    .....        (no amulet) Stlth
                     h - +5 ring of evasion
HPRegen 0.33/turn    m - ring "Tebuf" {Str+6 Dex+3}
MPRegen 0.11/turn

%: no passive effects
@: lethally poisoned (-2 -> -7), weakened, slowed, very slow
A: horns 2, retaliatory headbutt
a: Renounce Religion, Berserk, Trog's Hand, Brothers in Arms


You were on level 8 of the Dungeon.
You worshipped Trog.
Trog was greatly pleased with you.
You visited 2 branches of the dungeon, and saw 9 of its levels.

You collected 336 gold pieces.

Inventory:

Hand Weapons
 a - a +0 hand axe
 d - a +0 war axe of flaming (weapon)
 l - a +1 executioner's axe
 E - a +4 quarterstaff of chaos
Missiles
 f - 7 poisoned darts
 n - 8 boomerangs (quivered)
 o - a throwing net
Armour
 e - +0 fire dragon scales
 k - a +0 chain mail
 r - a +0 buckler (worn)
 u - a +2 pair of boots of flying
 v - a +0 plate armour (worn)
 y - a +0 ring mail of cold resistance
 F - a +0 cloak
 G - a +1 ring mail of poison resistance
Jewellery
 c - an amulet of the acrobat
 h - a +5 ring of evasion (left hand)
 m - the ring "Tebuf" (right hand) {Str+6 Dex+3}
   (You found it on level 3 of the Dungeon)

   [ring of strength]

   Str:       It affects your strength (+6).
   Dex:       It affects your dexterity (+3).
 p - a ring of ice
 z - a ring of magical power
 A - an amulet of guardian spirit
 C - a +6 ring of dexterity
Wands
 b - a wand of polymorph (11)
 i - a wand of acid (16)
 D - a wand of roots (8)
Scrolls
 j - 2 scrolls of fear
 q - 4 scrolls of teleportation
 w - a scroll of brand weapon
Potions
 g - 7 potions of curing
 s - 2 potions of invisibility
 t - a potion of resistance
 x - a potion of heal wounds
 B - a potion of attraction {unknown}


   Skills:
 * Level 7.5 Fighting
 * Level 11.1 Axes
 * Level 4.0 Throwing
 * Level 7.1 Armour
 * Level 5.2 Dodging
 + Level 0.4 Stealth
 * Level 4.2 Shields
 * Level 3.0 Evocations


You had 8 spell levels left.
You didn't know any spells.
Your spell library was empty.

Dungeon Overview and Level Annotations

Branches:
Dungeon (8/15)             Temple (1/1) D:5
   Lair: D:8-11

Altars:
Dithmenos
Elyvilon
Fedhas
Gozag
Hepliaklqana
Okawaru
Trog
Vehumet
Zin

Shops:
D:6 =   D:7 !


Innate Abilities, Weirdness & Mutations

You have a pair of horns on your head.
You reflexively headbutt those who attack you in melee.


Message History

The orange demon stings you but does no damage.
You feel much better.
You feel very sick.
The orange demon no longer looks unusually toxic.
The orange demon misses you. You block the orange demon's attack.
You feel very sick.
The orange demon stings you but does no damage.
The orange demon hits you but does no damage.
Things that are here:
a +1 demon whip of venom; a water moccasin corpse; the demonspawn corpse of Amaemon You closely miss the orange demon.
You feel sick. You block the orange demon's attack.
The orange demon hits you but does no damage.
The orange demon stings you.
You are more poisoned.
The orange demon poisons you! The orange demon misses you.
You hit the orange demon but do no damage.
You feel very sick. You block the orange demon's attack.
The orange demon hits you.
You feel your attacks grow feeble.
You slash the orange demon! You burn the orange demon.
The orange demon is moderately wounded.
You feel very sick.
The orange demon stings you but does no damage.
The orange demon hits you.
* * * LOW HITPOINT WARNING * * *
The orange demon closely misses you.
The orange demon hits you but does no damage.
You hit the orange demon. You burn the orange demon.
The orange demon is moderately wounded.
You feel very sick. The orange demon stings you!
* * * LOW HITPOINT WARNING * * *
The orange demon closely misses you.
You hit the orange demon. You burn the orange demon.
The orange demon is heavily wounded.
* * * LOW HITPOINT WARNING * * *
You feel sick. You block the orange demon's attack. x2
The orange demon stings you.
You die...

# ...
###################...##
................@......#
.....<....###.###4......
..##...#..# #.# .......
..##...#..###.# .......
...)..)........ ......#
...[..###.##### .#...##
....#.# #.# .......
..###.# #.# ##...## ..#
#.. .#


You could see an orange demon.

Vanquished Creatures
  Amaemon (D:8)
  Joseph (D:7)
  Maggie (D:7)
  3 water moccasins
  Duvessa (D:7)
  2 orc warriors
  2 ice beasts
  2 sky beasts
  An ogre (D:7)
  A centaur (D:7)
  3 phantoms
  A bullfrog (D:7)
  Blork the orc (D:4)
  2 scorpions
  Dowan (D:7)
  3 killer bees (D:7)
  A howler monkey (D:4)
  3 hounds
  6 orc priests
  A gnoll bouda (D:6)
  Crazy Yiuf (D:7)
  3 iguanas
  Ijyb (D:4)
  4 orc wizards
  6 adders
  10 gnolls
  2 shadow imps
  An ufetubus (D:6)
  A worm (D:3)
  4 dart slugs
  36 orcs
  5 ball pythons
  3 bats
  7 endoplasms
  5 giant cockroaches
  6 goblins
  9 hobgoblins
  4 jackals (D:4)
  2 quokkas
  3 frilled lizards
  7 kobolds
  4 rats (D:1)
161 creatures vanquished.

Notes
Turn   | Place    | Note
-------+----------+-------------------------------------------
     0 | D:1      | yolmi the Minotaur Berserker began the quest for the Orb.
     0 | D:1      | Reached XP level 1. HP: 19/19 MP: 0/0
   181 | D:1      | Reached XP level 2. HP: 24/27 MP: 1/1
   234 | D:1      | Reached skill level 4 in Axes
  1054 | D:2      | Reached ** piety under Trog
  1055 | D:2      | Reached XP level 3. HP: 34/34 MP: 2/2
  1426 | D:3      | Noticed a phantom
  1433 | D:3      | Killed a phantom
  1434 | D:3      | Reached XP level 4. HP: 41/41 MP: 3/3
  1581 | D:3      | Reached skill level 5 in Axes
  1612 | D:3      | Reached skill level 1 in Throwing
  1612 | D:3      | Reached XP level 5. HP: 47/47 MP: 4/4
  1642 | D:3      | Identified the ring "Tebuf" {Str+6 Dex+3}
  2258 | D:4      | Found a bloodstained altar of Trog.
  2281 | D:4      | Reached skill level 5 in Fighting
  2339 | D:4      | Noticed Blork the orc
  2343 | D:4      | Killed Blork the orc
  2344 | D:4      | Reached skill level 6 in Axes
  2344 | D:4      | Reached XP level 6. HP: 56/56 MP: 5/5
  2356 | D:4      | Reached *** piety under Trog
  2464 | D:4      | Noticed Ijyb
  2469 | D:4      | Killed Ijyb
  2740 | D:5      | Entered Level 5 of the Dungeon
  2754 | D:5      | Found a staircase to the Ecumenical Temple.
  2763 | Temple   | Entered the Ecumenical Temple
  2802 | D:5      | Noticed an ice beast
  2811 | D:5      | Killed an ice beast
  2812 | D:5      | Reached skill level 1 in Shields
  2812 | D:5      | Reached XP level 7. HP: 58/62 MP: 6/6
  2819 | D:5      | Found a blossoming altar of Fedhas.
  2903 | D:5      | Reached skill level 7 in Axes
  3161 | D:5      | Found a white marble altar of Elyvilon.
  3162 | D:5      | Found an iron altar of Okawaru.
  3340 | D:5      | Reached skill level 1 in Evocations
  3576 | D:6      | Found Muisham's Jewellery Shoppe.
  3626 | D:6      | Reached XP level 8. HP: 65/70 MP: 7/7
  3627 | D:6      | Reached skill level 5 in Armour
  3641 | D:6      | Found a hazy altar of Hepliaklqana.
  3800 | D:6      | Reached skill level 8 in Axes
  3861 | D:6      | Reached **** piety under Trog
  4199 | D:7      | Found a radiant altar of Vehumet.
  4287 | D:7      | Reached skill level 9 in Axes
  4354 | D:7      | Found a shadowy altar of Dithmenos.
  4354 | D:7      | Found an opulent altar of Gozag.
  4385 | D:7      | Reached XP level 9. HP: 78/78 MP: 8/8
  4403 | D:7      | Found Faadul's Distillery.
  4404 | D:7      | Noticed Duvessa
  4404 | D:7      | Noticed Dowan
  4408 | D:7      | Killed Duvessa
  4409 | D:7      | Killed Dowan
  4564 | D:7      | Found a runed translucent door.
  4565 | D:7      | Noticed Crazy Yiuf
  4572 | D:7      | Killed Crazy Yiuf
  4625 | D:7      | Noticed Maggie
  4638 | D:7      | Killed Maggie
  4639 | D:7      | Reached skill level 10 in Axes
  4671 | D:7      | Found a glowing silver altar of Zin.
  4908 | D:7      | Noticed Joseph
  4919 | D:7      | Killed Joseph
  4920 | D:7      | Reached skill level 5 in Dodging
  5021 | D:8      | Noticed Amaemon
  5027 | D:8      | Noticed an orange demon
  5040 | D:8      | Killed Amaemon
  5041 | D:8      | Reached skill level 11 in Axes
  5048 | D:8      | Slain by an orange demon

Illustrated notes

Levels and vault maps discovered:
D:1:      minmay_arrival_nine_rooms, layout_basic
D:2:      layout_rooms, grunt_decor_clamped
D:3:      minmay_chambers_of_threes, layout_basic, serial_glass,
          glass_columns_c, glass_columns_a, glass_columns_b, glass_columns_b,
          glass_columns_b, glass_columns_c, glass_columns_a, glass_columns_a,
          glass_columns_c, glass_columns_c, glass_columns_b, glass_columns_a,
          glass_columns_c, glass_columns_b
D:4:      layout_cave_pools, trog_hazing_becter, uniq_ijyb, uniq_blork_the_orc
D:5:      layout_basic, mainiacjoe_overflow_paths, minitemple,
          minmay_temple_entry_slanted, minivault_23
D:6:      layout_basic, amcnicky_altar_gilded, serial_shops,
          nicolae_shop_hallway_plus, kennysheep_pointless_box,
          sigmund_edmund_badplayer
D:7:      layout_loops_ring, gammafunk_temple_overflow_elements,
          nicolae_vehumet_altar_sigil, mainiacjoe_overflow_small_starburst,
          serial_shops, nicolae_diamond_shop, uniq_maggie, uniq_duvessa,
          uniq_joseph, uniq_crazy_yiuf_cottage
D:8:      layout_loops_ring, nicolae_qazlal_eye_of_the_storm,
          dpeg_lair_monsters, uniq_amaemon, uniq_maurice
Temple:   minmay_temple_forest_path

Skill      XL: |  1  2  3  4  5  6  7  8  9 |
---------------+----------------------------+-----
Fighting       | 4 5 6 7 |  7.5
Axes           | 4 5 6 7 9 11 | 11.1
Armour         | 3 4 6 7 |  7.1
Throwing       | 1 2 3 4 |  4.0
Dodging        | 3 4 5 |  5.2
Shields        | 1 2 3 4 |  4.2
Evocations     | 1 2 3 |  3.0
Stealth        | |  0.4

Action                     |  1- 3 |  4- 6 |  7- 9 || total
---------------------------+-------+-------+-------++-------
  Melee: Hand axe          |    35 |       |       ||    35
         Headbutt          |     6 |    17 |    31 ||    54
         Executioner's axe |    26 |    87 |       ||   113
         War axe           |       |    21 |   190 ||   211
  Throw: Boomerang         |       |    11 |     6 ||    17
 Invoke: Berserk           |       |       |     1 ||     1
    Use: Scroll            |     5 |     8 |     7 ||    20
         Potion            |       |       |     2 ||     2
 Armour: Animal skin       |     1 |       |       ||     1
         Ring mail         |     8 |       |       ||     8
         Chain mail        |     9 |    40 |    11 ||    60
         Plate armour      |       |       |    54 ||    54
  Dodge: Dodged            |    51 |   101 |   113 ||   265
  Block: Buckler           |       |     2 |    49 ||    51
